 Dungeon Crawl Stone Soup version 0.31-a0-246-g8cbcc1cb85 (webtiles) character file.

Game seed: 4997381948070784173

137 qw the Shooter (level 5, -5/30 HPs)
             Began as a Gargoyle Hexslinger on July 12, 2023.
             Slain by Blork the orc
             ... wielding a +0 battleaxe
              (9 damage)
             ... on level 5 of the Dungeon.
             The game lasted 00:01:07 (3228 turns).

qw the Shooter (Gargoyle Hexslinger)                Turns: 3228, Time: 00:01:07

Health: -5/30      AC: 10    Str:  8 (11) XL:     5   Next: 20%
Magic:  6/6        EV:  9    Int: 11 (14) God:
Gold:   134        SH:  0    Dex:  9 (12) Spells: 5/6 levels left

rFire   . . .        Y - +4 sling
rCold   + . .        (no shield)
rNeg    + . .        h - +1 ring mail {rC+}
rPois   inf          (no helmet)
rElec   +            (no cloak)
rCorr   .            (no gloves)
SInv    .            (no boots)
Will    .....        l - amulet of regeneration Stlth
                     (no ring)
HPRegen 1.05/turn    (no ring)
MPRegen 0.10/turn

%: no passive effects
@: no status effects
A: sickness immunity, AC +4, negative energy resistance 1, electricity
resistance, torment resistance 1, petrification resistance, clumsy 1
a: no special abilities


You were on level 5 of the Dungeon.
You visited 1 branch of the dungeon, and saw 5 of its levels.

You collected 134 gold pieces.


Innate Abilities, Weirdness & Mutations

You are immune to sickness and miasma.
Your stone body is resilient. (AC +4)
You are immune to poison.
You resist negative energy. (rN+)
You are resistant to electric shocks. (rElec)
You are resistant to unholy torment.
You are immune to petrification.
You are clumsy. (Dex -2)


   Skills:
 - Level 2.0 Fighting
 + Level 4.7 Ranged Weapons
 - Level 1.3 Armour
 - Level 1.5 Dodging
 - Level 1.0 Spellcasting
 - Level 2.6 Hexes


You had 5 spell levels left.
You knew the following spells:

 Your Spells              Type           Power      Damage    Failure   Level
a - Slow                  Hex            24%        N/A       32%         1

Your spell library contained the following spells:

 Spells                   Type           Power      Damage    Failure   Level
 Inner Flame              Hex/Fire       3%         N/A       86%         3
 Portal Projectile        Hex/Tloc       6%         N/A       86%         3
 Cause Fear               Hex            3%         N/A       97%         4

Inventory:

Hand Weapons
 Y - a +4 sling (weapon)
Armour
 h - a +1 ring mail of cold resistance (worn)
Jewellery
 l - an amulet of regeneration (around neck)
Scrolls
 d - a scroll of identify
 m - a scroll of enchant armour
Potions
 b - a potion of heal wounds {unknown}
 c - a potion of lignification {unknown}
 f - a potion of mutation
 g - a potion of haste {unknown}
 i - a potion of might {unknown}
 j - a potion of invisibility {unknown}

Dungeon Overview and Level Annotations

Branches:
Dungeon (5/15)
 Temple: D:4-7

Altars:
Elyvilon
Xom
Zin
The Shining One

Shops:
D:3 (

Annotations:
D:2 1 runed translucent door, Crazy Yiuf
D:5 Blork the orc


Message History

Found 9 gold pieces and a short silver wand.
There is a stone staircase leading up here.
Blork the orc and a quokka come into view.
Blork the orc shouts!
You see here 9 gold pieces.
You shoot a sling bullet.
The sling bullet barely misses Blork the orc.
Blork the orc points at you and mumbles some strange words.
The puff of frost hits you but does no damage.
You shoot a sling bullet.
The sling bullet closely misses the quokka.
Blork the orc cheers loudly.
You shoot a sling bullet. The sling bullet hits the quokka.
The quokka is heavily wounded.
You shoot a sling bullet. The sling bullet hits the quokka.
You kill the quokka!
You shoot a sling bullet.
The sling bullet barely misses Blork the orc.
Blork the orc gestures wildly while chanting.
Blork the orc seems to speed up.
You shoot a sling bullet.
The sling bullet barely misses Blork the orc.
Blork the orc hits you with a +0 battleaxe.
Blork the orc hits you but does no damage.
You shoot a sling bullet. The sling bullet hits Blork the orc.
Blork the orc is lightly wounded.
Blork the orc hits you with a +0 battleaxe.
Blork the orc barely misses you.
You shoot a sling bullet. The sling bullet hits Blork the orc.
Blork the orc is moderately wounded.
Blork the orc hits you with a +0 battleaxe.
Blork the orc hits you with a +0 battleaxe!
You shoot a sling bullet.
The sling bullet barely misses Blork the orc.
Blork the orc hits you with a +0 battleaxe!
Blork the orc closely misses you.
You shoot a sling bullet.
The sling bullet closely misses Blork the orc.
Blork the orc hits you with a +0 battleaxe!
You die...

.......
.......
....... .#
#...... #.#
.......##.#
#.......#.#
#../...o#.#
#......@#.#
##......#.#
##.......#
#......<#
#.......#
#.......#
##......#
#......#
#.......#


You could see Blork the orc (fast).

Vanquished Creatures
  6 adders
  3 worms (D:2)
  A dart slug (D:1)
  4 orcs
  2 endoplasms
  A giant cockroach (D:3)
  4 goblins
  7 hobgoblins
  6 jackals
  6 quokkas
  3 ball pythons
  6 bats
  8 frilled lizards
  3 kobolds
  10 rats
70 creatures vanquished.

Notes
Turn   | Place    | Note
-------+----------+-------------------------------------------
     0 | D:1      | qw the Gargoyle Hexslinger began the quest for the Orb.
     0 | D:1      | Reached XP level 1. HP: 12/12 MP: 2/2
     0 | D:1      | 0 ||| qw: Version: 0.3-a-52-g30416fa
     0 | D:1      | 0 ||| qw: Game counter: 6222
     0 | D:1      | 0 ||| qw: Melee chars always use a shield: true
     0 | D:1      | 0 ||| qw: God list: Okawaru
     0 | D:1      | 0 ||| qw: Allow faded altars: false
     0 | D:1      | 0 ||| qw: Do Orc after clearing Dungeon:15 true
     0 | D:1      | 0 ||| qw: Do second Lair branch before Depths: true
     0 | D:1      | 0 ||| qw: Lair rune preference: random
     0 | D:1      | 0 ||| qw: Goals: Normal
     0 | D:1      | 0 ||| PLANNING D:1-11
   340 | D:1      | Reached XP level 2. HP: 16/16 MP: 3/3
   396 | D:1      | Reached skill level 3 in Ranged Weapons
   773 | D:1      | 773 ||| UPGRADING to +1 ring mail of cold resistance.
   783 | D:1      | 783 ||| DROPPING +0 robe.
   784 | D:1      | 784 ||| READING 2 scrolls labelled POUTIO WOOTS.
   785 | D:1      | 785 ||| READING scroll labelled OVUTTE ZYPPOOT.
   786 | D:1      | 786 ||| READING 2 scrolls labelled IXOTHI ONEAWU.
   787 | D:1      | 787 ||| READING scroll of enchant weapon.
   787 | D:1      | 787 ||| ENCHANTING +2 sling.
   788 | D:1      | 788 ||| READING scroll labelled MIUWNER RINN.
   789 | D:1      | 789 ||| DROPPING scroll of vulnerability.
   790 | D:1      | 790 ||| DROPPING scroll of poison.
   824 | D:2      | Reached XP level 3. HP: 21/21 MP: 4/4
  1386 | D:2      | Found a runed translucent door.
  1387 | D:2      | Noticed Crazy Yiuf
  1544 | D:2      | 1544 ||| READING scroll labelled MET ECEWKULYZ.
  1545 | D:2      | 1545 ||| READING scroll labelled ODDIXO KEMEJY.
  1613 | D:3      | Found Loepaeci's Weapon Shoppe.
  1652 | D:3      | Reached XP level 4. HP: 23/26 MP: 5/5
  1701 | D:3      | Reached skill level 4 in Ranged Weapons
  1718 | D:3      | Reached skill level 1 in Armour
  1999 | D:3      | Found a white marble altar of Elyvilon.
  1999 | D:3      | Found a glowing golden altar of the Shining One.
  2000 | D:3      | Found a glowing silver altar of Zin.
  2007 | D:3      | 2007 ||| READING scroll labelled JUDEDI BISE.
  2008 | D:3      | 2008 ||| DRINKING 2 murky silvery potions.
  2009 | D:3      | 2009 ||| DRINKING 2 cyan potions.
  2009 | D:3      | Gained mutation: You are clumsy. (Dex -2) [potion of
                  | mutation]
  2010 | D:3      | 2010 ||| DROPPING potion of brilliance.
  2082 | D:4      | 2082 ||| READING scroll of enchant weapon.
  2082 | D:4      | 2082 ||| ENCHANTING +3 sling.
  2097 | D:4      | Found a shimmering altar of Xom.
  2681 | D:4      | Reached XP level 5. HP: 23/30 MP: 6/6
  3095 | D:4      | 3095 ||| UPGRADING to amulet of regeneration.
  3100 | D:4      | 3100 ||| DROPPING +6 ring of intelligence.
  3101 | D:4      | 3101 ||| DROPPING ring of magical power.
  3102 | D:4      | 3102 ||| READING scroll labelled FUSEAJ UREOKH.
  3103 | D:4      | 3103 ||| DRINKING 2 black potions.
  3104 | D:4      | 3104 ||| DROPPING potion of degeneration.
  3149 | D:5      | Entered Level 5 of the Dungeon
  3161 | D:5      | 3161 ||| STAIRDANCE
  3170 | D:4      | HP: 1/30 [orc wizard/puff of flame (12)]
  3171 | D:4      | 3171 ||| READING scroll of teleportation.
  3218 | D:5      | Noticed Blork the orc
  3227 | D:5      | HP: 3/30 [Blork the orc/+0 battleaxe (8)]
  3228 | D:5      | Slain by Blork the orc

Levels and vault maps discovered:
D:1:      dpeg_arrival_ratfight, layout_basic, st_stairs_7
D:2:      layout_loops_ring, uniq_crazy_yiuf_cottage
D:3:      layout_rooms, good_gods_temple_1, serial_shops, shop,
          hangedman_decor_peaks_small, st_stairs_8
D:4:      layout_basic, xom_butterflies
D:5:      layout_rooms, chequers_temple_overflow_statue_of_worship,
          minmay_misc_feat_tiny, nicolae_shop_i_like_big_books,
          nicolae_shop_i_like_small_books_too, grunt_decor_one_mirror,
          minmay_misc_feat_rows, nicolae_zen_rock_garden,
          nicolae_shop_self_help, uniq_pikel, uniq_edmund, uniq_duvessa,
          uniq_grinder, uniq_blork_the_orc

Skill      XL: |  1  2  3  4 |
---------------+-------------+-----
Ranged Weapons | 3 4 |  4.7
Fighting       | 2 |  2.0
Armour         | 1 |  1.3
Dodging        | |  1.5
Spellcasting   | |  1.0
Hexes          | |  2.6

Action                     |  1- 3 |  4- 6 || total
---------------------------+-------+-------++-------
   Fire: Sling             |   125 |   107 ||   232
    Use: Scroll            |     7 |     4 ||    11
         Potion            |       |     3 ||     3
 Armour: Robe              |     2 |       ||     2
         Ring mail         |    16 |    62 ||    78
  Dodge: Dodged            |    23 |    53 ||    76

Table legend:
 A = Non-vault XP
 B = Vault XP
 C = Vault XP percentage of total XP
 D = Non-vault monster count
 E = Vault monster count
 F = Vault count percentage of total count
                 A         B        C        D         E       F
            +---------+---------+-------+---------+---------+-------
      Total |     187 |       9 |   4.6 |      63 |       7 |  10.0
            +---------+---------+-------+---------+---------+-------
        D:1 |      24 |       6 |  20.0 |      14 |       6 |  30.0
        D:2 |      37 |       0 |   0.0 |      18 |       0 |   0.0
        D:3 |      66 |       3 |   4.3 |      18 |       1 |   5.3
        D:4 |      42 |       0 |   0.0 |      10 |       0 |   0.0
        D:5 |      18 |       0 |   0.0 |       3 |       0 |   0.0
            +---------+---------+-------+---------+---------+-------
